 Dungeon Crawl Stone Soup version 0.18.1-48-g4cf74bf (webtiles) character file.

1072 Alarkh the Slasher (level 8, -1/56 HPs)
             Began as a Mummy Skald on Sept 13, 2016.
             Slain by a giant frog (4 damage)
             ... on level 7 of the Dungeon.
             The game lasted 00:09:45 (4150 turns).

Alarkh the Slasher (Mummy Skald)                    Turns: 4150, Time: 00:09:46

Health: -1/56      AC:  5    Str: 13    XL:     8   Next: 7%
Magic:  10/14      EV: 11    Int: 13    God:
Gold:   330        SH:  0    Dex: 11    Spells: 3 memorised, 9 levels left

rFire  x . .     SeeInvis .     a - +1 great sword
rCold  + . .     Gourm    .     n - +0 troll leather armour {Purgy}
rNeg   + + +     Faith    .     (shield currently unavailable)
rPois  ∞         Spirit   .     (no helmet)
rElec  .         Dismiss  .     m - +0 cloak
rCorr  .         Reflect  .     (no gloves)
SustAt .         Harm     .     (no boots)
MR     +....                    (no amulet)
Stlth  +.........               (no ring)
                                k - -3 ring of strength

@: drained, somewhat resistant to hostile enchantments, very unstealthy
A: no food or potions, fire vulnerability, cold resistance 1, negative energy
resistance 3, torment resistance, unbreathing
a: no special abilities


You were on level 7 of the Dungeon.
You were not hungry.

You visited 1 branch of the dungeon, and saw 7 of its levels.

You collected 330 gold pieces.

Inventory:

Hand Weapons
 a - a +1 great sword (weapon)
 j - a +2 dagger of draining
 r - a +2 falchion
Armour
 b - a +0 leather armour
 d - a +3 leather armour
 m - a +0 cloak (worn)
 n - a +0 troll leather armour (worn) {Purgy}
 p - a +2 shield
Magical Staves
 h - an uncursed staff of poison {unknown}
Jewellery
 k - a -3 ring of strength (left hand)
 s - an uncursed amulet of harm
Wands
 e - a wand of flame (34/48)
 q - a wand of digging (4/24)
Scrolls
 g - 2 scrolls of recharging
 i - a scroll of noise
 l - 3 scrolls of teleportation
 o - a scroll of amnesia
Books
 c - a book of Battle

   Spells                             Type                      Level
   a - Infusion                       Charms                       1
   b - Shroud of Golubria             Charms/Translocation         2
   c - Song of Slaying                Charms                       2
   d - Spectral Weapon                Hexes/Charms                 3
   e - Regeneration                   Charms/Necromancy            3
Miscellaneous
 f - a plain deck of wonders {drawn: 1}


   Skills:
 - Level 2.0(1.9) Fighting
 * Level 6.6 Long Blades
 - Level 0.7(0.6) Armour
 - Level 0.7(0.6) Dodging
 + Level 4.0 Spellcasting
 + Level 3.9 Charms


You had 9 spell levels left.
You knew the following spells:

 Your Spells              Type           Power        Failure   Level  Hunger
a - Infusion              Chrm           ##..         8%          1    N/A
b - Shroud of Golubria    Chrm/Tloc      #.........   21%         2    N/A
c - Spectral Weapon       Hex/Chrm       #.......     41%         3    N/A

Dungeon Overview and Level Annotations

Branches:
Dungeon (7/15)
 Temple: D:4-7

Altars:
Makhleb
Nemelex Xobeh

Shops:
D:7 }


Innate Abilities, Weirdness & Mutations

You do not eat or drink.
Your flesh is vulnerable to fire.
You are immune to poison.
Your flesh is cold resistant.
You are immune to negative energy.
You are immune to unholy pain and torment.
You can survive without breathing.


Message History

The puff of flame hits you! The fire burns you terribly!
* * * LOW HITPOINT WARNING * * *
Unknown command.
You barely miss the giant frog.
The giant frog is almost dead.
The giant frog hits you.
* * * LOW HITPOINT WARNING * * *
The giant frog hits you but does no damage.
The giant frog hits you!
* * * LOW HITPOINT WARNING * * *
Your troll leather armour prevents you from hitting the giant frog.
The giant frog is almost dead.
The giant frog hits you but does no damage. x2
The giant frog barely misses you.
The giant frog hits you but does no damage.
You slash the giant frog!
You kill the giant frog!
Your base Spellcasting skill increases to level 4!
The giant frog barely misses you. The giant frog hits you.
You die...

.#...#...%...........###.######>.
.......................#.##....)†
.....#...............# #.##.###).
#... #######...####.##.#.##.# #..
##. #........##.#.##.##### #
#...####...........# #...#
#.##.#..#.#.#
##...####.##.#..#.#.###
#....F@##.##...........
#.#.##.##.####...##.##.
#.....##.##.####......##.
..?...####.##.......######.
.##... ...######### ## #.. ##.
.... .. .##. .# ##


You could see a giant frog.

Vanquished Creatures
  Purgy (D:2)
  An ice beast (D:7)
  A phantom (D:7)
  An ogre (D:7)
  A giant frog (D:7)
  A scorpion (D:5)
  A giant frog zombie (D:5)
  2 crimson imps (D:5)
  A hound (D:4)
  4 orc wizards
  4 orc priests
  An iguana (D:4)
  2 worker ants
  A howler monkey skeleton (D:7)
  5 adders
  A shadow imp (D:7)
  An adder skeleton (D:5)
  2 worms (D:2)
  4 giant geckos
  22 orcs
  5 giant cockroaches
  4 goblins
  8 hobgoblins
  2 jackals (D:4)
  2 quokkas (D:4)
  16 bats
  5 giant newts
  7 kobolds
  7 rats
113 creatures vanquished.

Vanquished Creatures (others)
  2 spectral weapons
2 creatures vanquished.

Grand Total: 115 creatures vanquished

Notes
Turn   | Place    | Note
--------------------------------------------------------------
     0 | D:1      | Alarkh the Mummy Skald began the quest for the Orb.
     0 | D:1      | Reached XP level 1. HP: 16/16 MP: 3/3
   193 | D:1      | Reached skill level 2 in Long Blades
   272 | D:1      | Reached XP level 2. HP: 17/22 MP: 1/5
   331 | D:1      | Found a sparkling altar of Nemelex Xobeh.
   703 | D:2      | Reached skill level 3 in Long Blades
   703 | D:2      | Reached XP level 3. HP: 16/27 MP: 2/6
  1173 | D:2      | You fall through a shaft for 2 floors!
  1327 | D:4      | Learned a level 2 spell: Shroud of Golubria
  1331 | D:4      | Learned a level 3 spell: Spectral Weapon
  1456 | D:4      | Reached XP level 4. HP: 32/33 MP: 2/7
  1697 | D:3      | Noticed Purgy
  1756 | D:3      | Drew Focus: Str increased to 16, Dex decreased to 10
  1875 | D:2      | Killed Purgy
  1875 | D:2      | Reached skill level 4 in Long Blades
  1875 | D:2      | Reached XP level 5. HP: 10/38 MP: 0/8
  2117 | D:3      | Found a faded altar to an unknown god.
  2152 | D:3      | Noticed a phantom
  2174 | D:3      | Became a worshipper of Makhleb the Destroyer
  2174 | D:3      | Reached * piety under Makhleb
  2174 | D:3      | Fell from the grace of Makhleb
  2704 | D:4      | Reached skill level 5 in Long Blades
  2704 | D:4      | Reached XP level 6. HP: 8/44 MP: 0/9
  3530 | D:5      | Entered Level 5 of the Dungeon
  3599 | D:5      | Reached XP level 7. HP: 43/50 MP: 7/11
  3793 | D:5      | Noticed a ynoxinul
  3803 | D:4      | Noticed a neqoxec
  3803 | D:4      | Noticed an orange demon
  3820 | D:4      | Noticed an orange demon
  3832 | D:4      | You fall through a shaft for 2 floors!
  3873 | D:7      | Reached skill level 6 in Long Blades
  3972 | D:7      | Found Kissiow's Gadget Shop.
  4123 | D:7      | Reached XP level 8. HP: 30/56 MP: 10/13
  4148 | D:7      | HP: 2/56 [giant frog (7)]
  4150 | D:7      | Slain by a giant frog

Skill      XL: |  1  2  3  4  5  6  7  8 |
---------------+-------------------------+-----
Long Blades    | 2 3 4 5 6 |  6.6
Charms         | 3 |  3.9
Spellcasting   | 3 4 |  4.0
Fighting       | |  2.0
Armour         | |  0.7
Dodging        | |  0.7

Action                   |  1- 3 |  4- 6 |  7- 9 || total
-------------------------+-------+-------+-------++-------
Melee: Falchion          |   146 |   218 |    56 ||   420
       Dagger            |     7 |       |       ||     7
       Great sword       |       |       |    11 ||    11
 Cast: Infusion          |    19 |    13 |     1 ||    33
       Spectral Weapon   |       |    13 |     7 ||    20
       Shroud of Golubri |       |     1 |     1 ||     2
Invok: Renounce Religion |       |     1 |       ||     1
Evoke: Deck              |       |     1 |       ||     1
  Use: Scroll            |       |     5 |     5 ||    10
Armor: Leather armour    |   100 |    59 |       ||   159
       Troll leather arm |       |    45 |    26 ||    71
       Troll hide        |       |     8 |       ||     8
Dodge: Dodged            |   148 |   159 |    32 ||   339
